 Dungeon Crawl Stone Soup version 0.31-a0-240-gb923e448b6 (webtiles) character file.

Game seed: 2067570587191433583

114 qw the Shooter (level 4, 0/26 HPs)
             Began as a Gargoyle Hexslinger on July 11, 2023.
             Slain by a gnoll
             ... wielding a +0 flail
              (1 damage)
             ... on level 3 of the Dungeon.
             The game lasted 00:00:49 (1826 turns).

qw the Shooter (Gargoyle Hexslinger)                Turns: 1826, Time: 00:00:50

Health: 0/26       AC:  8    Str: 11    XL:     4   Next: 97%
Magic:  5/5        EV: 10    Int: 14    God:
Gold:   142        SH:  0    Dex: 14    Spells: 4/5 levels left

rFire   . . .        Y - +1 sling
rCold   . . .        (no shield)
rNeg    + . .        d - +0 ring mail
rPois   inf          (no helmet)
rElec   +            (no cloak)
rCorr   .            (no gloves)
SInv    .            (no boots)
Will    .....        (no amulet)
Stlth   +            (no ring)
HPRegen 0.24/turn    (no ring)
MPRegen 0.09/turn

%: no passive effects
@: no status effects
A: sickness immunity, AC +3, negative energy resistance 1, electricity
resistance, torment resistance 1, petrification resistance
a: no special abilities


You were on level 3 of the Dungeon.
You visited 1 branch of the dungeon, and saw 3 of its levels.

You collected 142 gold pieces.


Innate Abilities, Weirdness & Mutations

You are immune to sickness and miasma.
Your stone body is resilient. (AC +3)
You are immune to poison.
You resist negative energy. (rN+)
You are resistant to electric shocks. (rElec)
You are resistant to unholy torment.
You are immune to petrification.


   Skills:
 - Level 2.0 Fighting
 + Level 4.3 Ranged Weapons
 - Level 1.3 Armour
 - Level 1.5 Dodging
 - Level 1.0 Spellcasting
 - Level 2.6 Hexes


You had 4 spell levels left.
You knew the following spells:

 Your Spells              Type           Power      Damage    Failure   Level
a - Slow                  Hex            32%        N/A       21%         1

Your spell library contained the following spells:

 Spells                   Type           Power      Damage    Failure   Level
 Inner Flame              Hex/Fire       4%         N/A       71%         3
 Portal Projectile        Hex/Tloc       8%         N/A       71%         3
 Cause Fear               Hex            4%         N/A       90%         4

Inventory:

Hand Weapons
 Y - a +1 sling (weapon)
Armour
 d - a +0 ring mail (worn)
Jewellery
 b - a ring of fire
Scrolls
 g - a scroll of identify
Potions
 a - a potion of berserk rage {unknown}
 h - a potion of might {unknown}

Dungeon Overview and Level Annotations

Branches:
Dungeon (3/15)

Altars:


Message History

You shoot a sling bullet.
The sling bullet completely misses the gnoll.
The gnoll barely misses you.
You shoot a sling bullet.
The sling bullet barely misses the gnoll.
The gnoll barely misses you.
You shoot a sling bullet. The sling bullet hits the gnoll.
The gnoll is almost dead.
The gnoll hits you with a +0 whip. The gnoll barely misses you.
The gnoll hits you with a +0 flail. The gnoll barely misses you.
You shoot a sling bullet. The sling bullet hits the gnoll.
You kill the gnoll!
The gnoll hits you but does no damage. The gnoll closely misses you.
You shoot a sling bullet. The sling bullet hits the gnoll.
The gnoll is moderately wounded.
The gnoll hits you from afar with a +0 spear.
The gnoll barely misses you.
You shoot a sling bullet.
The sling bullet barely misses the gnoll.
The gnoll hits you from afar with a +0 spear.
The gnoll hits you with a +0 flail. The gnoll barely misses you. x2
You shoot a sling bullet.
The sling bullet closely misses the gnoll.
The gnoll hits you with a +0 flail. The gnoll hits you but does no damage.
You shoot a sling bullet. The sling bullet hits the gnoll.
The gnoll is moderately wounded.
The gnoll hits you but does no damage. The gnoll closely misses you.
You shoot a sling bullet. The sling bullet hits the gnoll.
The gnoll is heavily wounded.
The gnoll hits you from afar with a +0 spear.
The gnoll hits you with a +0 flail. The gnoll closely misses you.
The gnoll barely misses you.
You shoot a sling bullet.
The sling bullet closely misses the gnoll.
The gnoll hits you but does no damage. The gnoll barely misses you.
You shoot a sling bullet.
The sling bullet barely misses the gnoll.
The gnoll hits you from afar with a +0 spear.
The gnoll hits you with a +0 flail.
You die...

#.# ....... #.#
....g.. #.# .......
#.# ......) #.#
.....g. ###.#
....... #...#
......g###.###
.......)@..#
.......g...#
..........##
..........#
......#...........#
......+...........#
......#...........#
......#...........#
......#...........#


You could see 2 gnolls.

Vanquished Creatures
  5 adders (D:2)
  A gnoll (D:3)
  A worm (D:2)
  6 bats
  8 endoplasms (D:1)
  3 giant cockroaches
  3 goblins
  A hobgoblin (D:1)
  3 jackals (D:1)
  7 quokkas
  2 ball pythons (D:1)
  2 frilled lizards
  5 kobolds
  4 rats
51 creatures vanquished.

Notes
Turn   | Place    | Note
-------+----------+-------------------------------------------
     0 | D:1      | qw the Gargoyle Hexslinger began the quest for the Orb.
     0 | D:1      | Reached XP level 1. HP: 12/12 MP: 2/2
     0 | D:1      | 0 ||| qw: Version: 0.3-a-52-g30416fa
     0 | D:1      | 0 ||| qw: Game counter: 5970
     0 | D:1      | 0 ||| qw: Melee chars always use a shield: true
     0 | D:1      | 0 ||| qw: God list: Okawaru
     0 | D:1      | 0 ||| qw: Allow faded altars: false
     0 | D:1      | 0 ||| qw: Do Orc after clearing Dungeon:15 true
     0 | D:1      | 0 ||| qw: Do second Lair branch before Depths: true
     0 | D:1      | 0 ||| qw: Lair rune preference: random
     0 | D:1      | 0 ||| qw: Goals: Normal
     0 | D:1      | 0 ||| PLANNING D:1-11
   107 | D:1      | Reached XP level 2. HP: 13/16 MP: 3/3
   210 | D:1      | Reached skill level 3 in Ranged Weapons
   271 | D:1      | Reached XP level 3. HP: 13/21 MP: 4/4
   274 | D:1      | HP: 4/21 [kobold/+0 short sword of draining (3)]
   400 | D:1      | Found a faded altar of an unknown god.
   871 | D:1      | 871 ||| UPGRADING to +0 ring mail.
   881 | D:1      | 881 ||| DROPPING +0 robe.
   882 | D:1      | 882 ||| READING scroll labelled COOGUSTIWIN.
   883 | D:1      | 883 ||| READING scroll labelled ZEKESA LEZEQI.
   884 | D:1      | 884 ||| READING 2 scrolls labelled XATZIO APHIZXE.
   885 | D:1      | 885 ||| DROPPING scroll of poison.
  1214 | D:2      | Reached XP level 4. HP: 20/26 MP: 5/5
  1217 | D:2      | 1217 ||| FLEEEEING.
  1218 | D:2      | 1218 ||| FLEEEEING.
  1219 | D:2      | 1219 ||| FLEEEEING.
  1280 | D:2      | Reached skill level 4 in Ranged Weapons
  1478 | D:2      | Reached skill level 1 in Armour
  1636 | D:2      | 1636 ||| READING 2 scrolls of identify.
  1636 | D:2      | 1636 ||| IDENTIFYING pink potion
  1637 | D:2      | 1637 ||| DROPPING potion of ambrosia.
  1812 | D:3      | 1812 ||| Stepping ~*~*~tactically~*~*~ (outnumbered).
  1813 | D:3      | 1813 ||| Stepping ~*~*~tactically~*~*~ (outnumbered).
  1824 | D:3      | HP: 6/26 [gnoll/+0 spear (1)]
  1826 | D:3      | HP: 1/26 [gnoll/+0 spear (3)]
  1826 | D:3      | Slain by a gnoll

Levels and vault maps discovered:
D:1:      dreamdust_arrival_beginning_and_end, layout_loops_ring,
          ebering_ecumenical_altar_mist, serial_bayou_lagoon_a
D:2:      layout_basic, minmay_misc_feat_plants, hex_large,
          minmay_misc_feat_nine_boxes
D:3:      layout_basic

Skill      XL: |  1  2  3  4 |
---------------+-------------+-----
Ranged Weapons | 3 4 |  4.3
Fighting       | 2 |  2.0
Armour         | 1 |  1.3
Dodging        | |  1.5
Spellcasting   | |  1.0
Hexes          | |  2.6

Action                     |  1- 3 |  4- 6 || total
---------------------------+-------+-------++-------
   Fire: Sling             |   147 |    72 ||   219
    Use: Scroll            |     3 |     1 ||     4
 Armour: Robe              |    21 |       ||    21
         Ring mail         |    22 |    19 ||    41
  Dodge: Dodged            |    81 |    29 ||   110

Table legend:
 A = Non-vault XP
 B = Vault XP
 C = Vault XP percentage of total XP
 D = Non-vault monster count
 E = Vault monster count
 F = Vault count percentage of total count
                 A         B        C        D         E       F
            +---------+---------+-------+---------+---------+-------
      Total |     163 |       0 |   0.0 |      51 |       0 |   0.0
            +---------+---------+-------+---------+---------+-------
        D:1 |      60 |       0 |   0.0 |      33 |       0 |   0.0
        D:2 |      87 |       0 |   0.0 |      15 |       0 |   0.0
        D:3 |      16 |       0 |   0.0 |       3 |       0 |   0.0
            +---------+---------+-------+---------+---------+-------
